 Dungeon Sprint DCSS version 0.26.0-16-gc1dbca0489 (webtiles) character file.

Game seed: 17495079460230147538

264853 Groucho the Imperceptible (level 11, 61/61 HPs)
             Began as a Felid Berserker on Jan 17, 2021.
             Was an Elder of Trog.
             Escaped with the Orb!
             The game lasted 00:14:27 (5716 turns).

Groucho the Imperceptible (Felid Berserker)         Turns: 5716, Time: 00:14:27

Health: 61/61      AC:  2    Str: 13    XL:     11   Next: 41%
Magic:  12/12      EV: 34    Int: 10    God:    Trog [****..]
Gold:   3564       SH:  5    Dex: 18    Spells: 10/10 levels left
                                        Lives:  0   Deaths: 2

rFire    + . .     SeeInvis +     - Unarmed
rCold    . . .     Faith    .   (shield unavailable)
rNeg     . . .     Spirit   .   (armour unavailable)
rPois    .         Reflect  +   (helmet unavailable)
rElec    .         Harm     .   (cloak unavailable)
rCorr    .         Rampage  .   (gloves unavailable)
Will     +....     NoTele   +   (boots unavailable)
Stlth    +++.......             p - amulet of reflection
HPRegen  0.20/turn              s - ring of protection from fire
MPRegen  0.13/turn              q - ring of flight

@: flying (expiring), quick
A: very small, no armour, no weapons or thrown items, stealth, claws 1, fangs 3,
see invisible, speed 1, shaggy fur 2, sharp paws
0: Orb of Zot
a: Stop Flying, Renounce Religion, Berserk, Trog's Hand, Brothers in Arms


You escaped.
You worshipped Trog.
Trog was greatly pleased with you.
You visited 1 branch You collected 4689 gold pieces.
You spent 1125 gold pieces at shops.

Inventory:

Jewellery
 a - the ring of Wuomus {rN+ Str+6}
   (You found it in the Dungeon)

   [ring of strength]

   It affects your strength (+6).
   It protects you from negative energy.
 n - the ring "Otykie" {rC- MP+9 Str+6 Dex+3 SInv}
   (You found it in the Dungeon)

   [ring of strength]

   It affects your strength (+6).
   It affects your dexterity (+3).
   It makes you vulnerable to cold.
   It affects your magic capacity (+9).
   It lets you see invisible.
 p - an amulet of reflection (around neck)
 q - a ring of flight (right paw)
 r - an uncursed ring of poison resistance
 s - a ring of protection from fire (left paw)
Wands
 g - a wand of polymorph (6)
 m - a wand of digging (2)
 o - a wand of enslavement (27)
Scrolls
 h - 3 scrolls of identify
 i - a scroll of enchant armour {unknown}
 j - a scroll of magic mapping {unknown}
 k - a scroll of fog {unknown}
 v - a scroll of blinking
Potions
 b - a potion of brilliance {unknown}
 c - a potion of haste
 d - 2 potions of magic
 e - a potion of berserk rage
 f - a potion of resistance {unknown}
 l - a potion of cancellation {unknown}
 t - a potion of attraction {unknown}
 u - a potion of ambrosia {unknown}


   Skills:
 + Level 15.0 Fighting
 + Level 18.7 Dodging
 + Level 25.3 Stealth
 + Level 15.0 Unarmed Combat


You had 10 spell levels left.
You didn't know any spells.
Your spell library was empty.

Dungeon Overview and Level Annotations

Branches:
Dungeon (1/1)

Altars:
Cheibriados
Dithmenos
Elyvilon
Fedhas
Gozag
Hepliaklqana
Kikubaaqudgha
Makhleb
Nemelex Xobeh
Okawaru
Qazlal
Ru
Sif Muna
Trog
Uskayaw
Vehumet
Wu Jian
Xom
Yredelemnul
Zin
The Shining One
Jiyva
Lugonu

Shops:
D }:=:*??*!}}}[*:[(*([!:

Annotations:
D Lernaean hydra, Tiamat


Innate Abilities, Weirdness & Mutations

You cannot wear armour.
You are incapable of wielding weapons or throwing items.
Your paws allow you to move quietly. (Stealth)
You have sharp claws.
You have razor-sharp teeth.
You have supernaturally acute eyesight. (SInv)
You cover ground quickly.
You are covered in thick fur. (AC +2)
Your sharp claws are effective at attacking unaware monsters.


Message History

You don't know any spells.
There is an open door here.
There is an open door, spattered with blood here.
There is an open door here.
There is an open door here.
There is an open door here.
There is an open door here.
There is an open door here.
You are starting to lose your buoyancy.
There is an open door here.
Your extra speed is starting to run out.
Things that are here:
a +0 scythe; a +0 robe
There is an open door here.
There is an open door here.
You see here a +0 ring mail.
There is an open door here.
You feel yourself slow down.
There is a staircase leading out of the dungeon here.
You have escaped!

##################
#@.#.[').#.)'..#__
#..'..#..'..#..'..
#..#####'#####'#__
#..####..#...#.###
#..#__####..##§#§§
#..#_____##'#§§§§§
#⌠⌠#_.∩...'..._#§§
#..._..__##_.#'##+
#..#_____###'#(#[(


There were no monsters in sight!

Vanquished Creatures
  2 fire giants (D)
  A lorocyproca (D)
  A hydra (D)
  2 centaur warriors (D)
  Sonja (D)
  A deep troll (D)
  5 unseen horrors (D)
  A lindwurm (D)
  An oklob plant (D)
  A gargoyle (D)
  2 kobold demonologists (D)
  A hornet (D)
  A meliai (D)
  A slime creature (D)
  Sigmund (D)
  2 redbacks (D)
  A yak (D)
  13 hogs (D)
  4 floating eyes (D)
  7 necrophages (D)
  An ogre (D)
  8 jellies (D)
  Ijyb (D)
59 creatures vanquished.

Vanquished Creatures (collateral kills)
  A golden dragon (D)
  A daeva (D)
  2 fire giants (D)
  2 unseen horrors (D)
  8 shining eyes (D)
  4 demonic crawlers (D)
  3 floating eyes (D)
21 creatures vanquished.

Vanquished Creatures (others)
  A shadow dragon (D)
  A gargoyle (D)
  2 ballistomycete spores (D)
4 creatures vanquished.

Grand Total: 84 creatures vanquished

Notes
Turn   | Place    | Note
-------+----------+-------------------------------------------
     0 | D        | Groucho the Felid Berserker began the quest for the Orb.
     0 | D        | Reached XP level 1. HP: 10/10 MP: 2/2
     2 | D        | Noticed Ijyb
    12 | D        | Killed Ijyb
    13 | D        | Reached skill level 8 in Stealth
    13 | D        | Reached XP level 2. HP: 7/14 MP: 3/3
   380 | D        | Noticed an ogre
   385 | D        | Killed an ogre
   386 | D        | Reached skill level 12 in Stealth
   386 | D        | Reached XP level 3. HP: 14/17 MP: 4/4
   386 | D        | Reached XP level 4. HP: 18/21 MP: 5/5
   833 | D        | Noticed Sigmund
   836 | D        | Killed Sigmund
   836 | D        | Reached ** piety under Trog
   837 | D        | Reached skill level 16 in Stealth
   837 | D        | Reached XP level 5. HP: 24/24 MP: 6/6
   837 | D        | Gained mutation: You are covered in thick fur. (AC +2)
                  | [Felid growth]
   837 | D        | Reached XP level 6. HP: 28/28 MP: 7/7
   867 | D        | Found an ornate altar of the Wu Jian Council.
   867 | D        | Found a shimmering blue altar of Sif Muna.
   869 | D        | Found a radiant altar of Vehumet.
   906 | D        | Found Myashur's Book Emporium.
   906 | D        | Found an ancient bone altar of Kikubaaqudgha.
   906 | D        | Found a hazy altar of Hepliaklqana.
   906 | D        | Found a stormy altar of Qazlal.
   906 | D        | Found a hide-covered altar of Uskayaw.
   906 | D        | Found a blossoming altar of Fedhas.
   906 | D        | Found a bloodstained altar of Trog.
   906 | D        | Found an iron altar of Okawaru.
   906 | D        | Found a basalt altar of Yredelemnul.
   906 | D        | Found a glowing golden altar of the Shining One.
   906 | D        | Found a snail-covered altar of Cheibriados.
   906 | D        | Found a sacrificial altar of Ru.
   906 | D        | Found a glowing silver altar of Zin.
   906 | D        | Found a shadowy altar of Dithmenos.
   906 | D        | Found a white marble altar of Elyvilon.
   906 | D        | Noticed a yak
   907 | D        | Found an opulent altar of Gozag.
   908 | D        | Killed a yak
   909 | D        | Reached skill level 18 in Stealth
   909 | D        | Found a sparkling altar of Nemelex Xobeh.
   927 | D        | Found a burning altar of Makhleb.
   927 | D        | Found a shimmering altar of Xom.
   927 | D        | Noticed a slime creature
   928 | D        | Found a viscous altar of Jiyva.
   928 | D        | Found a corrupted altar of Lugonu.
   930 | D        | Killed a slime creature
   930 | D        | Reached *** piety under Trog
   931 | D        | Reached skill level 5 in Dodging
   931 | D        | Reached skill level 19 in Stealth
   931 | D        | Reached XP level 7. HP: 32/32 MP: 8/8
   954 | D        | Noticed a centaur warrior
   954 | D        | Noticed a centaur warrior
   955 | D        | Killed a centaur warrior
   956 | D        | Reached XP level 8. HP: 39/39 MP: 9/9
   956 | D        | Killed a centaur warrior
   957 | D        | Reached skill level 10 in Dodging
   957 | D        | Reached skill level 20 in Stealth
   957 | D        | Reached XP level 9. HP: 44/44 MP: 10/10
   982 | D        | Noticed an oklob plant
   984 | D        | Killed an oklob plant
   984 | D        | Reached **** piety under Trog
  1000 | D        | Reached skill level 21 in Stealth
  1223 | D        | Killed a gargoyle
  1241 | D        | Noticed an unseen horror
  1242 | D        | Noticed an unseen horror
  1251 | D        | Killed an unseen horror
  1251 | D        | Reached ***** piety under Trog
  1256 | D        | Killed an unseen horror
  1257 | D        | Reached skill level 10 in Fighting
  1257 | D        | Reached skill level 10 in Unarmed Combat
  1257 | D        | Reached XP level 10. HP: 42/51 MP: 11/11
  1467 | D        | Reached ****** piety under Trog
  1507 | D        | Found Gaciocy's Assorted Antiques.
  1507 | D        | Found Voeckeu's Magic Scroll Shop.
  1507 | D        | Found Riqamum's Distillery.
  1509 | D        | Found Syakhladu's Gadget Emporium.
  1509 | D        | Found Reirit's Gadget Shop.
  1509 | D        | Found Buohelem's Gadget Shoppe.
  1509 | D        | Found Kiefiuf's Antique Armour Boutique.
  1509 | D        | Found Taedghopo's General Store.
  1509 | D        | Found Fafy's Book Shop.
  1509 | D        | Found Rapni's Armour Shoppe.
  1515 | D        | Found Ybavuf's Antique Weapon Boutique.
  1516 | D        | Found Hups's Antique Weapon Emporium.
  1516 | D        | Found Ygasag Monn's Assorted Antiques.
  1517 | D        | Found Fotous's Distillery.
  1567 | D        | Noticed a deep troll
  1569 | D        | Killed a deep troll
  1570 | D        | Reached skill level 22 in Stealth
  1581 | D        | Found Bakhots's Armour Emporium.
  1596 | D        | Noticed Sonja
  1599 | D        | Killed Sonja
  1614 | D        | Found Muips's Gadget Boutique.
  1622 | D        | Bought a wand of digging (6) for 200 gold pieces
  1918 | D        | Noticed a lindwurm
  1921 | D        | Killed a lindwurm
  1944 | D        | Reached XP level 11. HP: 57/57 MP: 12/12
  1966 | D        | Reached skill level 15 in Dodging
  1982 | D        | Reached skill level 23 in Stealth
  2358 | D        | Noticed a 12-headed hydra
  2360 | D        | Killed a 12-headed hydra
  2465 | D        | Noticed a shining eye
  2465 | D        | Noticed a shining eye
  2465 | D        | Noticed a shining eye
  2465 | D        | Noticed a shining eye
  2465 | D        | Noticed a shining eye
  2465 | D        | Noticed a shining eye
  2467 | D        | Killed a shining eye
  2467 | D        | Killed a shining eye
  2468 | D        | Killed a shining eye
  2469 | D        | Killed a shining eye
  2470 | D        | Noticed a shining eye
  2471 | D        | Killed a shining eye
  2471 | D        | Paralysed by a floating eye for 2 turns
  2471 | D        | Killed a shining eye
  2472 | D        | Killed a shining eye
  2474 | D        | Noticed a shining eye
  2480 | D        | Killed a shining eye
  2483 | D        | Found Jadios's Book Shoppe.
  2483 | D        | Found Feqyxaw's General Store.
  2483 | D        | Found Wumuge's Jewellery Emporium.
  2483 | D        | Found Leonneja's Magic Scroll Boutique.
  2491 | D        | Bought an uncursed amulet of reflection for 300 gold pieces
  2491 | D        | Bought an uncursed ring of flight for 175 gold pieces
  2491 | D        | Bought an uncursed ring of poison resistance for 200 gold
                  | pieces
  2491 | D        | Bought an uncursed ring of protection from fire for 250
                  | gold pieces
  2613 | D        | Noticed a lorocyproca
  2618 | D        | Killed a lorocyproca
  2754 | D        | Noticed a shadow dragon
  2755 | D        | Noticed a golden dragon
  2763 | D        | HP: 1/58 [golden dragon/bolt of cold (35)]
  2839 | D        | Killed a shadow dragon
  3244 | D        | Killed from afar by a golden dragon
  3244 | D        | Killed a golden dragon
  3245 | D        | Reached XP level 10. HP: -2/55 MP: 11/11
  3245 | D        | Reached skill level 24 in Stealth
  3245 | D        | Reached XP level 11. HP: 59/59 MP: 12/12
  3252 | D        | Identified the Handbook of Supportive Envenoming
  3771 | D        | Noticed the 27-headed Lernaean hydra
  4292 | D        | Engulfed by a cloud of freezing vapour
  4293 | D        | Reached XP level 10. HP: 0/55 MP: 11/11
  4351 | D        | Got a twitching golden ring
  4353 | D        | Identified the Grimoire of the Escort
  4360 | D        | Found Esysall's Book Shoppe.
  4415 | D        | Noticed a daeva
  4419 | D        | Noticed an unseen horror
  4419 | D        | Noticed an unseen horror
  4419 | D        | Noticed an unseen horror
  4419 | D        | Noticed an unseen horror
  4421 | D        | Killed an unseen horror
  4422 | D        | Noticed an unseen horror
  4427 | D        | Killed an unseen horror
  4430 | D        | Killed an unseen horror
  4432 | D        | Killed an unseen horror
  4438 | D        | Killed an unseen horror
  4909 | D        | Noticed a fire giant
  4929 | D        | Killed a daeva
  4938 | D        | Got a translucent brass ring
  4939 | D        | Identified the ring of Wuomus {rN+ Str+6} (You found it in
                  | the Dungeon)
  4940 | D        | Identified the ring "Otykie" {rC- MP+9 Str+6 Dex+3 SInv}
                  | (You found it in the Dungeon)
  5286 | D        | Noticed a fire giant
  5286 | D        | Noticed a fire giant
  5287 | D        | Noticed a fire giant
  5304 | D        | Killed a fire giant
  5305 | D        | Reached skill level 25 in Stealth
  5305 | D        | Reached XP level 11. HP: 60/60 MP: 12/12
  5311 | D        | Killed a fire giant
  5329 | D        | HP: 1/60 [fire giant/+0 great sword of flaming (6)]
  5332 | D        | Killed a fire giant
  5460 | D        | Killed a fire giant
  5461 | D        | Reached skill level 15 in Fighting
  5461 | D        | Reached skill level 15 in Unarmed Combat
  5643 | D        | Identified the +4 dragonskin cloak
  5643 | D        | Noticed Tiamat
  5645 | D        | Got the Orb of Zot
  5716 | D        | Escaped with the Orb!

Illustrated notes

Levels and vault maps discovered:
D:        dungeon_sprint_1 [red_sonja_temple_1, red_sonja_temple_small_1]

Skill      XL: |  1  2  3  4  5  6  7  8  9 10 11 |
---------------+----------------------------------+-----
Stealth        | 8 12 16 19 20 21 25 23 | 25.3
Fighting       | 4 6 7 10 14 15 | 15.0
Dodging        | 5 8 10 12 18 16 | 18.7
Unarmed Combat | 4 6 7 10 14 15 | 15.0

Action                   |  1- 3 |  4- 6 |  7- 9 | 10-12 || total
-------------------------+-------+-------+-------+-------++-------
Melee: Unarmed           |    10 |     4 |    14 |   144 ||   172
       Bite              |     1 |       |     1 |    15 ||    17
       Punch             |       |       |       |    12 ||    12
Invok: Berserk           |     2 |       |     1 |     4 ||     7
       Brothers in Arms  |       |       |       |    19 ||    19
       Trog's Hand       |       |       |       |     1 ||     1
 Abil: Evoke Flight      |       |       |       |     2 ||     2
Evoke: Wand              |       |       |       |     4 ||     4
  Use: Scroll            |       |       |     1 |     4 ||     5
       Potion            |       |       |     1 |     5 ||     6
 Stab: Sleeping          |     2 |     4 |     7 |    13 ||    26
       Distracted        |       |       |       |     3 ||     3
Armor: Skin              |       |       |       |     4 ||     4
Dodge: Dodged            |     4 |       |    10 |   154 ||   168
Block: Other             |       |       |       |     9 ||     9
